 Dungeon Crawl Stone Soup version 0.20.1-1-g8b1a95d (webtiles) character file.

115 Melbolja the Magician (level 4, -1/24 HPs)
             Began as a Deep Elf Wizard on Oct 8, 2017.
             Slain by an adder (3 damage)
             ... on level 3 of the Dungeon.
             The game lasted 00:10:48 (2491 turns).

Melbolja the Magician (Deep Elf Wizard)             Turns: 2491, Time: 00:10:48

Health: -1/24      AC:  6    Str:  4    XL:     4   Next: 68%
Magic:  7/14       EV: -1    Int: 23    God:
Gold:   108        SH:  0    Dex: 14    Spells: 11/15 levels left

rFire    . . .     SeeInvis .   h - +0 dagger
rCold    . . .     Gourm    .   (no shield)
rNeg     . . .     Faith    .   s - -2 chain mail
rPois    .         Spirit   .   b - +0 hat
rElec    .         Reflect  .   (no cloak)
rCorr    .         Harm     .   (no gloves)
MR       .....                  (no boots)
Stlth    ..........             (no amulet)
Regen    0.1/turn               (no ring)
MPRegen  0.2/turn               (no ring)

@: lethally poisoned (-1 -> -4), very slightly contaminated
A: no striking features
a: no special abilities


You were on level 3 of the Dungeon.
You were not hungry.

You visited 1 branch of the dungeon, and saw 3 of its levels.

You collected 108 gold pieces.

Inventory:

Hand Weapons
 h - a +0 dagger (weapon)
 r - a +0 hunting sling
Missiles
 f - 13 poisoned needles
Armour
 a - a +0 robe
 b - a +0 hat (worn)
 s - a -2 chain mail (worn)
Scrolls
 e - 2 scrolls of fog
 g - 2 scrolls of identify
 i - 4 scrolls of remove curse
 j - a scroll of fear {unknown}
 n - a scroll of amnesia {unknown}
Potions
 l - a potion of haste {unknown}
 m - a potion of lignification {unknown}
 o - a potion of curing {unknown}
 q - a potion of ambrosia {unknown}
Books
 c - a book of Minor Magic

   Spells                             Type                      Level
   a - Magic Dart                     Conjuration                  1
   b - Blink                          Translocation                2
   c - Call Imp                       Summoning                    2
   d - Slow                           Hexes                        2
   e - Conjure Flame                  Conjuration/Fire             3
   f - Mephitic Cloud                 Conjuration/Poison/Air       3
Comestibles
 d - a royal jelly
 k - 2 meat rations
 p - 6 chunks of flesh


   Skills:
 + Level 3.0 Dodging
 + Level 2.7 Stealth
 + Level 6.3 Spellcasting
 + Level 2.7 Conjurations
   Level 1.1 Summonings
   Level 1.1 Translocations


You had 11 spell levels left.
You knew the following spells:

 Your Spells              Type           Power        Failure   Level  Hunger
a - Magic Dart            Conj           ###.         100%        1    None
b - Conjure Flame         Conj/Fire      ##......     100%        3    #......


Dungeon Overview and Level Annotations

Branches:
Dungeon (3/15)

Altars:


Message History

The adder is moderately wounded.
The adder bites you but does no damage. The adder bites you.
* * * LOW HITPOINT WARNING * * *
Your chain mail prevents you from hitting the adder.
The adder is moderately wounded.
The adder bites you but does no damage.
You hit the adder.
The adder is heavily wounded.
The adder bites you but does no damage.
You miss the adder.
The adder is heavily wounded.
The adder bites you.
* * * LOW HITPOINT WARNING * * *
You are lethally poisoned!
The adder poisons you! The adder bites you but does no damage.
You miss the adder.
The adder is heavily wounded.
* * * LOW HITPOINT WARNING * * *
You feel sick. The adder bites you.
You die...

######### #.......#
#.#####.#
####..).##.####
......#.......#
##......##.##.######
#.....####.##.##...#
##.........##...@#.#
##.############S..#
#.# ##.## #.# .# #'#
.# .. .. . ..# ..


You could see an adder.

Vanquished Creatures
  Jessica (D:2)
  3 adders
  2 worms
  A dart slug (D:2)
  A leopard gecko (D:1)
  An orc (D:3)
  12 bats
  5 giant cockroaches
  3 goblins
  5 hobgoblins
  4 kobolds
  2 quokkas (D:2)
  5 frilled lizards
  9 rats
54 creatures vanquished.

Notes
Turn   | Place    | Note
-------+----------+-------------------------------------------
     0 | D:1      | Melbolja the Deep Elf Wizard began the quest for the Orb.
     0 | D:1      | Reached XP level 1. HP: 10/10 MP: 7/7
   233 | D:1      | Reached XP level 2. HP: 14/15 MP: 1/9
   330 | D:1      | Reached skill level 5 in Spellcasting
  1293 | D:2      | Reached XP level 3. HP: 16/19 MP: 6/12
  1504 | D:2      | Noticed Jessica
  1527 | D:2      | Killed Jessica
  1527 | D:2      | Reached skill level 6 in Spellcasting
  1527 | D:2      | Reached XP level 4. HP: 1/24 MP: 0/14
  1901 | D:2      | Learned a level 3 spell: Conjure Flame
  2491 | D:3      | Slain by an adder

Skill      XL: |  1  2  3  4 |
---------------+-------------+-----
Spellcasting   | 5 6 |  6.3
Conjurations   | 2 |  2.7
Dodging        | 3 |  3.0
Stealth        | |  2.7
Summonings     | |  1.1
Translocations | |  1.1

Action                   |  1- 3 |  4- 6 || total
-------------------------+-------+-------++-------
Melee: Unarmed           |     2 |       ||     2
       Dagger            |     8 |     8 ||    16
 Cast: Magic Dart        |    82 |    49 ||   131
  Use: Scroll            |     2 |     1 ||     3
  Eat: Chunk             |     1 |       ||     1
       Bread ration      |     1 |       ||     1
Armor: Robe              |     2 |     1 ||     3
       Chain mail        |       |     9 ||     9
Dodge: Dodged            |    18 |     3 ||    21
